 Dungeon Crawl Stone Soup version 0.21.0-3-g78d12a8 (webtiles) character file.

39093 Zeloya the Quickloader (level 14, -2/90 HPs)
             Began as a Kobold Air Elementalist on Jan 14, 2018.
             Was the Champion of Okawaru.
             Slain by an ice dragon (10 damage)
             ... in an ice cave.
             The game lasted 00:55:31 (28920 turns).

Zeloya the Quickloader (Kobold Air Elementalist)   Turns: 28920, Time: 00:55:32

Health: -2/90      AC: 19    Str: 10    XL:     14   Next: 37%
Magic:  16/17      EV: 26    Int: 24    God:    Okawaru [******]
Gold:   1262       SH:  0    Dex: 14    Spells: 16/17 levels left

rFire    + + +     SeeInvis .   D - +6 arbalest of Optimality {penet, rF+++ Str+2 Int+3 Dex-2}
rCold    + + .     Gourm    .   (shield currently unavailable)
rNeg     . . .     Faith    .   E - +0 troll leather armour
rPois    +         Spirit   .   h - +0 helmet {Int+3}
rElec    +         Reflect  .   (no cloak)
rCorr    +         Harm     .   l - +2 pair of gloves
MR       +....                  v - +0 pair of boots
Stlth    ++++++....             (no amulet)
HPRegen  0.65/turn              B - +6 ring of protection
MPRegen  0.15/turn              j - ring of protection from cold

@: resistant, heroism
A: small, carnivore
a: Heroism, Finesse, Renounce Religion


You were in an ice cave.
You worshipped Okawaru.
Okawaru was exalted by your worship.
You were full.

You visited 4 branches of the dungeon, and saw 20 of its levels.
You also visited: Ice Cave.

You collected 1637 gold pieces.
You spent 375 gold pieces at shops.

Inventory:

Hand Weapons
 d - a +1 triple crossbow of velocity
 q - a +6 short sword of protection
 s - a +2 dagger of venom
 C - the +7 short sword of Disgust {pierce, *Noise rC+ MR++}
   (You bought it in a shop on level 8 of the Dungeon)

   It inflicts extra damage upon your enemies.
   It protects you from cold.
   It affects your resistance to hostile enchantments.
   It may make noises in combat.
 D - the +6 arbalest of Optimality (weapon) {penet, rF+++ Str+2 Int+3 Dex-2}
   (Okawaru gifted it to you on level 11 of the Dungeon)

   Ammo fired by it will pass through the targets it hits, potentially hitting
   all targets in its path until it reaches maximum range.
   It affects your strength (+2).
   It affects your intelligence (+3).
   It affects your dexterity (-2).
   It renders you almost immune to fire.
Missiles
 A - 133 bolts (quivered)
Armour
 h - a +0 helmet of intelligence (worn)
 l - a +2 pair of gloves (worn)
 v - a +0 pair of boots (worn)
 E - a +0 troll leather armour (worn)
Jewellery
 j - a ring of protection from cold (right hand)
 n - an uncursed ring of poison resistance
 p - the ring of the Mage {Wiz MR++ Int+3}
   (You found it on level 11 of the Dungeon)

   [ring of wizardry]

   It improves your spell success rate.
   It affects your intelligence (+3).
   It affects your resistance to hostile enchantments.
 B - a +6 ring of protection (left hand)
 F - a +4 ring of strength
 P - an uncursed ring of see invisible
Wands
 u - a wand of flame (23)
 G - a wand of disintegration (8)
 J - a wand of random effects (47)
 M - a wand of polymorph (14)
Scrolls
 a - 5 scrolls of remove curse
 e - a scroll of blinking
 f - 2 scrolls of fear
 g - 3 scrolls of amnesia
 i - 3 scrolls of fog
 m - 6 scrolls of teleportation
 o - a scroll of noise
 t - a scroll of enchant weapon
 x - a scroll of enchant armour
 y - a scroll of brand weapon
Potions
 k - 2 potions of curing
 w - 2 potions of flight
 z - a potion of brilliance
 H - 2 potions of haste
 N - a potion of mutation
Books
 b - a book of Air

   Spells                             Type                      Level
   a - Shock                          Conjuration/Air              1
   b - Swiftness                      Charms/Air                   2
   c - Static Discharge               Conjuration/Air              3
   d - Airstrike                      Air                          4
   e - Lightning Bolt                 Conjuration/Air              5
 r - a book of Changes

   Spells                             Type                      Level
   a - Beastly Appendage              Transmutation                1
   b - Sticks to Snakes               Transmutation                2
   c - Spider Form                    Transmutation/Poison         3
   d - Ice Form                       Ice/Transmutation            4
   e - Blade Hands                    Transmutation                5
Comestibles
 c - 23 rations


   Skills:
 - Level 11.0(16.0) Fighting
 - Level 12.0(17.0) Short Blades
   Level 2.2(7.2) Maces & Flails
 * Level 12.9(17.9) Crossbows
 - Level 9.0(14.0) Armour
 - Level 12.0(17.0) Dodging
 - Level 10.0(15.0) Stealth
 - Level 2.1 Spellcasting
 - Level 1.0 Conjurations
 - Level 3.0 Air Magic
 - Level 1.5 Invocations


You had 16 spell levels left.
You knew the following spells:

 Your Spells              Type           Power        Failure   Level  Hunger
a - Shock                 Conj/Air       ##..         6%          1    None


Dungeon Overview and Level Annotations

Branches:
Dungeon (12/15)            Temple (1/1) D:4            Lair (6/6) D:11
 Shoals (0/4) Lair:3       Spider (0/4) Lair:2          Orc (1/2) D:12
  Slime: Lair:5-6

Altars:
Ashenzari
Cheibriados
Dithmenos
Elyvilon
Fedhas
Gozag
Hepliaklqana
Kikubaaqudgha
Makhleb
Nemelex Xobeh
Okawaru
Qazlal
Ru
Sif Muna
Trog
Uskayaw
Vehumet
Wu Jian
Xom
Yredelemnul
Zin
The Shining One

Shops:
D:8 (

Portals:
Trove: D:12 (show abyssal rune of Zot)

Annotations:
D:8 Gastronok
Lair:2 exclusion: hydra
Lair:4 Rupert


Innate Abilities, Weirdness & Mutations

You are small and have problems with some larger weapons.
You are carnivorous and can eat meat at any time.


Message History

The ice dragon breathes frost at you. The blast of cold hits you! You resist.
* * * LOW HITPOINT WARNING * * *
Unknown command.
Firing (i - inventory):
A - 134 bolts (quivered)
Press: ? - help, Shift-Dir - straight line, f/p - ice dragon
Aim: an ice dragon (heavily wounded)
You shoot a bolt.
The bolt pierces through the ice dragon!
The ice dragon is severely wounded.
The ice dragon misses you.
The ice dragon completely misses you. x2
The ice dragon breathes frost at you. The blast of cold misses you.
Unknown command.
You feel better. The ice dragon barely misses you. The ice dragon claws you.
* * * LOW HITPOINT WARNING * * *
The ice dragon completely misses you.
The ice dragon bites you but does no damage.
The ice dragon claws you!
You die...

.## #...# ..#
#####D.# #.##
##..(#.## ##.#
#..#...# #..#
##D##.(# #.##
#..#.## ..##
###.### #..##
##DD.# ##..#
##.@### ##.##
##..## #..##
#..## ###..##
#..# #.....#
#..# ##.....##
#.## #.......#
##.# ........##
#..#
#........###.##


You could see 2 ice dragons.

Vanquished Creatures
  Josephine (Orc:1)
  Erolcha (D:10)
  3 hydras
  A vault guard (D:12)
  Erica (D:11)
  A two-headed ogre (D:10)
  A queen ant (Lair:3)
  Urug (D:10)
  2 ugly things
  An orc sorcerer (Orc:1)
  An oklob plant (Lair:4)
  A manticore (D:12)
  2 ice statues (IceCv)
  3 black mambas
  The ghost of raph the Cruncher, a novice GnWn (D:6)
  A gargoyle (D:12)
  6 spiny frogs
  A kobold demonologist (D:12)
  4 komodo dragons
  5 rime drakes
  The ghost of MTVSty1e the Firebug, a novice DEFE (D:4)
  The ghost of ThereIsNoGod the Ruffian, an amateur TrMo of Cheibriados (D:3)
  A polar bear (Lair:4)
  4 trolls
  A hornet (D:11)
  Grinder (D:4)
  11 hippogriffs
  4 slime creatures (D:12)
  A snapping turtle (Lair:3)
  Sigmund (D:3)
  A spriggan (D:10)
  A wyvern (D:10)
  5 wraiths
  23 yaks
  A basilisk (Lair:3)
  3 hungry ghosts
  Grum (D:8)
  4 vampire mosquitoes (D:12)
  2 wargs (Orc:1)
  16 soldier ants (Lair:3)
  Edmund (D:4)
  6 water moccasins
  5 orc warriors
  9 porcupines
  2 sky beasts
  2 phantoms (D:12)
  17 ice beasts
  3 black bears
  2 necrophages
  4 wolves (D:8)
  5 ogres
  5 centaurs
  10 crocodiles
  2 big kobolds
  23 bullfrogs
  A gnoll sergeant (D:7)
  5 scorpions
  2 troll zombies (D:12)
  A wyvern skeleton (D:8)
  A water moccasin skeleton (D:9)
  8 killer bees
  4 wights
  A troll skeleton (D:9)
  A howler monkey (D:5)
  An electric eel (Lair:5)
  6 crimson imps
  A bullfrog zombie (D:5)
  7 hounds
  A jelly (D:8)
  5 human zombies (D:9)
  8 orc priests
  A bullfrog skeleton (D:7)
  4 iguanas
  Terence (D:2)
  29 worker ants
  Natasha (thrice) (D:2)
  12 orc wizards
  4 ogre zombies (D:12)
  A hound zombie (D:5)
  A hound skeleton (D:5)
  A worker ant zombie (D:9)
  6 gnolls
  14 adders
  A shadow imp (D:11)
  3 oozes
  2 adder skeletons
  An adder zombie (D:5)
  6 worms
  4 dart slugs
  4 leopard geckos
  56 orcs
  9 bats
  3 giant cockroaches
  6 hobgoblins
  10 jackals
  4 quokkas
  A ball python (D:5)
  5 frilled lizards
  4 goblins
  A goblin skeleton (D:12)
  3 goblin zombies (D:12)
  A hobgoblin skeleton (D:12)
  21 kobolds
  13 orc zombies
  A quokka zombie (D:9)
  8 rats
514 creatures vanquished.

Vanquished Creatures (others)
  An orc wizard (Orc:1)
  A fungus (Lair:1)
  A plant (Lair:1)
3 creatures vanquished.

Grand Total: 517 creatures vanquished

Notes
Turn   | Place    | Note
-------+----------+-------------------------------------------
     0 | D:1      | Zeloya the Kobold Air Elementalist began the quest for the Orb.
     0 | D:1      | Reached XP level 1. HP: 10/10 MP: 3/3
   145 | D:1      | Reached XP level 2. HP: 16/16 MP: 1/5
   458 | D:1      | Reached skill level 1 in Fighting
   608 | D:1      | Reached XP level 3. HP: 19/20 MP: 2/6
  1064 | D:1      | Reached skill level 1 in Armour
  1530 | D:2      | Reached XP level 4. HP: 25/25 MP: 3/7
  1747 | D:2      | Found an opulent altar of Gozag.
  1847 | D:2      | Found an iron altar of Okawaru.
  1892 | D:2      | Became a worshipper of Warmaster Okawaru
  2322 | D:2      | Found a hide-covered altar of Uskayaw.
  2390 | D:2      | Noticed Terence
  2548 | D:2      | Killed Terence
  2548 | D:2      | Reached XP level 5. HP: 30/30 MP: 2/8
  2783 | D:2      | Noticed Natasha
  2796 | D:2      | Killed Natasha
  2796 | D:2      | Reached skill level 1 in Maces & Flails
  3126 | D:2      | Noticed Natasha
  3140 | D:2      | Killed Natasha
  3234 | D:2      | Noticed Natasha
  3242 | D:2      | Killed Natasha
  3242 | D:2      | Reached XP level 6. HP: 18/36 MP: 3/9
  3783 | D:3      | Noticed Sigmund
  4441 | D:3      | Noticed ThereIsNoGod's ghost (amateur TrMo)
  4547 | D:4      | Reached skill level 5 in Stealth
  4829 | D:4      | Found a staircase to the Ecumenical Temple.
  4848 | Temple   | Entered the Ecumenical Temple
  5043 | D:4      | Found a glowing golden altar of the Shining One.
  5053 | D:4      | Reached * piety under Okawaru
  5053 | D:4      | Reached XP level 7. HP: 41/41 MP: 4/10
  5612 | D:4      | Reached skill level 1 in Short Blades
  5678 | D:4      | Noticed MTVSty1e's ghost (novice DEFE)
  5969 | D:3      | Killed Sigmund
  5969 | D:3      | Reached ** piety under Okawaru
  5969 | D:3      | Reached skill level 5 in Dodging
  5969 | D:3      | Reached XP level 8. HP: 48/48 MP: 11/11
  5993 | D:3      | Found a shimmering altar of Xom.
  6487 | D:4      | Killed MTVSty1e's ghost
  6751 | D:4      | Noticed Grinder
  6783 | D:4      | Noticed Edmund
  6805 | D:4      | Killed Edmund
  6962 | D:4      | Found a sacrificial altar of Ru.
  7155 | D:5      | Entered Level 5 of the Dungeon
  7228 | D:5      | Reached skill level 5 in Short Blades
  7476 | D:5      | Found a glowing golden altar of the Shining One.
  7518 | D:5      | Reached XP level 9. HP: 52/52 MP: 12/12
  7669 | D:5      | Reached *** piety under Okawaru
  8414 | D:6      | Found a stormy altar of Qazlal.
  8447 | D:6      | Noticed raph's ghost (novice GnWn)
  8503 | D:6      | Reached skill level 5 in Fighting
  8990 | D:6      | Found a shattered altar of Ashenzari.
  8991 | D:6      | Found a hazy altar of Hepliaklqana.
 10060 | D:4      | Paralysed by Grinder for 5 turns
 10082 | D:4      | Paralysed by Grinder for 6 turns
 10112 | D:4      | Killed Grinder
 10112 | D:4      | Reached **** piety under Okawaru
 10241 | D:7      | Found a sparkling altar of Nemelex Xobeh.
 10655 | D:7      | Found a shimmering altar of Xom.
 10845 | D:7      | Reached XP level 10. HP: 60/60 MP: 13/13
 10998 | D:8      | Noticed Gastronok
 11534 | D:8      | Noticed Grum
 11566 | D:8      | Killed Grum
 12361 | D:8      | Found Gevezosu's Antique Weapon Boutique.
 12378 | D:8      | Bought a crude dagger for 175 gold pieces
 12378 | D:8      | Identified the cursed +3 dagger "Sacowkei" {pierce, rC- rN+ Dex+5} (You bought it in a shop on level 8 of the Dungeon)
 12383 | D:8      | Bought a polished short sword for 200 gold pieces
 12383 | D:8      | Identified the +7 short sword of Disgust {pierce, *Noise rC+ MR++} (You bought it in a shop on level 8 of the Dungeon)
 12633 | D:9      | Found a deep blue altar of Sif Muna.
 12747 | D:9      | Found a bloodstained altar of Trog.
 12778 | D:9      | Reached ***** piety under Okawaru
 13132 | D:9      | Reached skill level 5 in Armour
 13331 | D:9      | Received a gift from Okawaru
 13663 | D:9      | Reached skill level 10 in Short Blades
 13749 | D:9      | Found a glowing silver altar of Zin.
 13780 | D:9      | Reached skill level 1 in Crossbows
 14261 | D:9      | Found a basalt altar of Yredelemnul.
 15073 | D:3      | Killed ThereIsNoGod's ghost
 15073 | D:3      | Reached XP level 11. HP: 37/67 MP: 14/14
 15605 | D:6      | Killed raph's ghost
 15605 | D:6      | Reached skill level 10 in Stealth
 15812 | D:10     | Entered Level 10 of the Dungeon
 16325 | D:10     | Noticed a two-headed ogre
 16353 | D:10     | Killed a two-headed ogre
 16353 | D:10     | Received a gift from Okawaru
 17320 | D:10     | Noticed Erolcha
 17322 | D:10     | Killed Erolcha
 17952 | D:11     | Found the ring of the Mage {Wiz MR++ Int+3}
 18030 | D:10     | Reached skill level 5 in Crossbows
 18212 | D:11     | Noticed Urug
 18279 | D:10     | Killed Urug
 18426 | D:11     | Noticed Erica
 18460 | D:11     | Found a staircase to the Lair.
 18479 | Lair:1   | Entered Level 1 of the Lair of Beasts
 18696 | Lair:1   | Reached XP level 12. HP: 70/75 MP: 15/15
 18753 | Lair:1   | Received a gift from Okawaru
 19124 | Lair:1   | Reached skill level 10 in Dodging
 19992 | Lair:2   | Noticed a six-headed hydra
 20633 | Lair:2   | Found a hole to the Spider Nest.
 21336 | Lair:3   | Noticed a queen ant
 21381 | Lair:3   | Killed a queen ant
 21720 | Lair:3   | Received a gift from Okawaru
 21746 | Lair:3   | Reached XP level 13. HP: 81/81 MP: 16/16
 21975 | Lair:3   | Found a staircase to the Shoals.
 22650 | Lair:4   | Noticed Rupert
 22715 | Lair:4   | Received a gift from Okawaru
 23491 | Lair:5   | Reached skill level 10 in Fighting
 23767 | Lair:5   | Received a gift from Okawaru
 24394 | Lair:6   | Entered Level 6 of the Lair of Beasts
 24394 | Lair:6   | Noticed a seven-headed hydra
 24394 | Lair:6   | Noticed a five-headed hydra
 24431 | Lair:4   | Noticed a four-headed hydra
 24433 | Lair:4   | Killed a four-headed hydra
 24433 | Lair:4   | Reached skill level 10 in Crossbows
 24446 | Lair:4   | Reached ****** piety under Okawaru
 24446 | Lair:4   | Reached skill level 1 in Invocations
 24797 | D:11     | Noticed a six-headed hydra
 24815 | D:11     | Received a gift from Okawaru
 24840 | D:11     | Killed a six-headed hydra
 24968 | D:11     | Got a smoking arbalest {god gift}
 24969 | D:11     | Identified the +6 arbalest of Optimality {penet, rF+++ Str+2 Int+3 Dex-2} (Okawaru gifted it to you on level 11 of the Dungeon)
 25394 | D:11     | Killed Erica
 25607 | D:11     | Noticed a five-headed hydra
 25614 | D:11     | Killed a five-headed hydra
 25708 | D:12     | Found a white marble altar of Elyvilon.
 25812 | D:12     | Found a staircase to the Orcish Mines.
 26096 | D:12     | Received a gift from Okawaru
 26375 | D:12     | Reached XP level 14. HP: 78/88 MP: 17/17
 27151 | D:12     | Found a portal to a secret trove of treasure.
 27263 | Orc:1    | Entered Level 1 of the Orcish Mines
 27290 | Orc:1    | Noticed Josephine
 27499 | Orc:1    | Killed Josephine
 27907 | Orc:1    | Found a frozen archway.
 27915 | IceCv    | Entered an ice cave
 28918 | IceCv    | HP: 4/90 [ice dragon/blast of cold (9)]
 28920 | IceCv    | Slain by an ice dragon

Skill      XL: |  1  2  3  4  5  6  7  8  9 10 11 12 13 14 |
---------------+-------------------------------------------+-----
Stealth        | 3 4 5 6 8 9 10 | 10.0
Fighting       | 1 2 3 4 5 7 8 9 10 11 | 11.0
Dodging        | 3 4 5 6 8 9 10 11 12 | 12.0
Armour         | 1 2 3 4 5 6 7 8 9 |  9.0
Maces & Flails | 1 2 |  2.2
Short Blades   | 3 5 8 10 11 12 | 12.0
Crossbows      | 2 5 8 11 12 | 12.9
Invocations    | 1 |  1.5
Spellcasting   | |  2.1
Conjurations   | |  1.0
Air Magic      | |  3.0

Action                   |  1- 3 |  4- 6 |  7- 9 | 10-12 | 13-15 || total
-------------------------+-------+-------+-------+-------+-------++-------
Melee: Unarmed           |    33 |       |       |       |       ||    33
       Whip              |    26 |    56 |    34 |       |       ||   116
       Dagger            |       |       |   519 |  1266 |   773 ||  2558
       Punch             |       |       |     1 |     2 |     2 ||     5
       Short sword       |       |       |       |   262 |   877 ||  1139
 Fire: Arbalest          |       |       |       |       |    29 ||    29
 Cast: Shock             |    63 |   145 |     9 |       |       ||   217
Invok: Heroism           |       |       |     2 |     3 |     3 ||     8
Evoke: Wand              |       |       |     2 |     6 |     8 ||    16
  Use: Scroll            |       |     6 |     9 |     7 |     5 ||    27
       Potion            |       |     2 |     5 |     4 |    10 ||    21
 Stab: Sleeping          |       |     1 |     5 |    19 |    32 ||    57
       Distracted        |       |       |       |     5 |     3 ||     8
       Invisible         |       |       |       |       |     1 ||     1
  Eat: Chunk             |    11 |    12 |    19 |    37 |    28 ||   107
       Ration            |       |       |       |     4 |       ||     4
Armor: Robe              |    12 |    21 |    15 |       |       ||    48
       Skin              |       |    10 |    31 |     5 |       ||    46
       Scale mail        |       |       |   167 |   150 |       ||   317
       Troll leather arm |       |       |       |   104 |   264 ||   368
Dodge: Dodged            |    82 |    72 |   315 |   712 |  1086 ||  2267
